[Event "ICCopen2017"]
[Site "Internet Chess Club"]
[Date "2017.03.25"]
[Round "9"]
[White "TZ700A"]
[Black "mrneale"]
[Result "1-0"]
[ICCResult "Black forfeits on time"]
[WhiteElo "1309"]
[BlackElo "1066"]
[Opening "Hungarian defense"]
[ECO "C50"]
[NIC "IG.03"]
[Time "15:44:45"]
[TimeControl "180+0"]

1. e4 e5 2. Nf3 Nc6 3. Bc4 Be7 4. O-O Nf6 5. Nc3 d6 6. h3 O-O 7. d4 exd4 8.
Nxd4 Nxd4 9. Qxd4 Be6 10. Bxe6 fxe6 11. e5 dxe5 12. Qxe5 Qd6 13. Qb5 b6 14.
Be3 a6 15. Qc4 Nd5 16. Rad1 Nxe3 17. fxe3 Qc5 18. Qxe6+ Kh8 19. Rxf8+ Rxf8
20. Rf1 Rxf1+ 21. Kxf1 h6 22. g4 Bf6 23. Qe8+ Kh7 24. Qe4+ Kh8 25. Nd5 Qb5+
26. Kf2 Qxb2 27. Nxf6 Qxf6+ 28. Qf3 Kh7 29. Qxf6 gxf6 30. Kf3 Kg6 31. Kf4 c5
32. e4 b5 33. c3 a5 34. a3 b4 35. cxb4 {Black forfeits on time} 1-0

[Event "ICCopen2017"]
[Site "Internet Chess Club"]
[Date "2017.03.25"]
[Round "9"]
[White "Kandor"]
[Black "jjmolina"]
[Result "1-0"]
[ICCResult "Black resigns"]
[WhiteElo "1171"]
[BlackElo "1351"]
[Opening "KP: Indian opening"]
[ECO "C20"]
[NIC "KP.10"]
[Time "15:45:25"]
[TimeControl "180+0"]

1. e4 e5 2. d3 Nc6 3. Nd2 d5 4. g3 dxe4 5. Bg2 exd3 6. cxd3 Qxd3 7. Qe2
Qxe2+ 8. Nxe2 Nd4 9. Nxd4 exd4 10. Nc4 Bb4+ 11. Bd2 Bxd2+ 12. Kxd2 Ne7 13.
Rhe1 Kd8 14. Ke2 Re8 15. Kf1 Nc6 16. Rxe8+ Kxe8 17. Re1+ Kf8 18. Bxc6 bxc6
19. Ne5 c5 20. Rc1 f6 21. Nc6 Be6 22. b3 d3 23. Rd1 c4 24. bxc4 Bxc4 25. Na5
Ba6 26. Nc6 Re8 27. Kg1 Re2 28. Nxa7 Rxa2 29. Nc6 Rc2 30. Nb4 {Black
resigns} 1-0

[Event "ICCopen2017"]
[Site "Internet Chess Club"]
[Date "2017.03.25"]
[Round "9"]
[White "julkat-ch"]
[Black "GOODZYLLA"]
[Result "0-1"]
[ICCResult "White forfeits on time"]
[WhiteElo "1841"]
[BlackElo "1734"]
[Opening "Sicilian: Nimzovich-Rossolimo attack (with ...g6, without ...d6)"]
[ECO "B31"]
[NIC "SI.31"]
[Time "15:44:09"]
[TimeControl "180+0"]

1. e4 c5 2. Nf3 Nc6 3. Bb5 g6 4. Bxc6 dxc6 5. O-O Bg7 6. d3 Nf6 7. Nc3 Nd7
8. Bf4 e5 9. Be3 Qe7 10. Qd2 h6 11. h3 Nf8 12. Nh2 Ne6 13. f4 exf4 14. Bxf4
Nxf4 15. Qxf4 O-O 16. Ng4 h5 17. Nf6+ Bxf6 18. Qxf6 Qxf6 19. Rxf6 Kg7 20.
Raf1 Be6 21. b3 Rad8 22. Nd1 Bf5 23. R6xf5 gxf5 24. Rxf5 Kg6 25. Ne3 b6 26.
Nc4 f6 27. Kf2 h4 28. Kf3 b5 29. Ne3 c4 30. bxc4 bxc4 31. Nxc4 Rb8 32. Ra5
Rb7 33. Kg4 Rh8 34. e5 Re7 35. d4 Kf7 36. Ra6 Rc7 37. Nd6+ Ke6 38. Nc4 Kd5
39. Na5 Rg8+ 40. Kf3 Kxd4 41. exf6 c5 42. Nc6+ Kc3 43. Ne7 Rd8 44. Re6 Kxc2
45. f7 Rf8 46. Kg4 Rxf7 47. Nd5 Rg7+ 48. Kxh4 Rc8 49. g4 c4 50. g5 c3
{White forfeits on time}
0-1

[Event "ICCopen2017"]
[Site "Internet Chess Club"]
[Date "2017.03.25"]
[Round "9"]
[White "tdimarco"]
[Black "glokoll"]
[Result "1-0"]
[ICCResult "Black checkmated"]
[WhiteElo "1282"]
[BlackElo "1465"]
[Opening "Robatsch (modern) defense"]
[ECO "B06"]
[NIC "KF.06"]
[Time "15:47:02"]
[TimeControl "180+0"]

1. e4 g6 2. Nf3 Bg7 3. d4 c5 4. d5 d6 5. Qd3 Nf6 6. Nc3 O-O 7. Bg5 Bd7 8.
O-O-O h6 9. Be3 Kh7 10. h4 a6 11. Be2 b5 12. Rdg1 c4 13. Qd2 e5 14. dxe6
fxe6 15. Qxd6 Rf7 16. g4 Nc6 17. g5 Ne8 18. Qd2 h5 19. Rd1 Qc7 20. Qe1 Ne5
21. Nxe5 Bxe5 22. Rf1 b4 23. Nb1 c3 24. Bd4 cxb2+ 25. Bxb2 Bxb2+ 26. Kxb2
Qe5+ 27. Kc1 a5 28. Bd3 Ba4 29. Qd2 Rc8 30. f4 Qc5 31. Rf2 Qd4 32. Re1 Bd7
33. e5 Qa1 34. Qe3 Qxa2 35. Qe4 Bc6 36. Qxg6+ Kh8 37. Qxf7 Ng7 38. Qg6 Be8
39. Qh7# {Black checkmated} 1-0

[Event "ICCopen2017"]
[Site "Internet Chess Club"]
[Date "2017.03.25"]
[Round "9"]
[White "HEM"]
[Black "Ticktockman"]
[Result "1-0"]
[ICCResult "Black checkmated"]
[WhiteElo "1452"]
[BlackElo "1104"]
[Opening "Scandinavian (center counter) defense"]
[ECO "B01"]
[NIC "SD.02"]
[Time "15:46:08"]
[TimeControl "180+0"]

1. e4 d5 2. exd5 Qxd5 3. Nc3 Qe5+ 4. Be2 e6 5. Nf3 Qd6 6. d4 Nf6 7. O-O g6
8. Ne5 Bg7 9. Bf4 Qd8 10. Bg5 Nbd7 11. f4 c5 12. Bf3 O-O 13. Ne4 Qb6 14.
Nxd7 Bxd7 15. Bxf6 cxd4 16. Bxg7 Kxg7 17. c3 Bb5 18. Re1 Rfd8 19. Kh1 dxc3
20. Qb3 Qa6 21. Qxc3+ Kf8 22. Qh8+ Ke7 23. Qf6+ Kf8 24. Ng5 Be8 25. Nxe6+
Kg8 26. Qg7# {Black checkmated} 1-0

[Event "ICCopen2017"]
[Site "Internet Chess Club"]
[Date "2017.03.25"]
[Round "9"]
[White "Fight-Chess"]
[Black "flashlight"]
[Result "0-1"]
[ICCResult "White checkmated"]
[WhiteElo "1780"]
[BlackElo "2042"]
[Opening "Sicilian: Najdorf, 7.f4"]
[ECO "B96"]
[NIC "SI.06"]
[Time "15:44:53"]
[TimeControl "180+0"]

1. e4 c5 2. Nf3 d6 3. d4 cxd4 4. Nxd4 Nf6 5. Nc3 a6 6. Bg5 e6 7. f4 Nbd7 8.
Qf3 Qc7 9. O-O-O b5 10. Bd3 Bb7 11. Rhe1 h6 12. Bh4 Be7 13. Qg3 g5 14. fxg5
hxg5 15. Bxg5 Rg8 16. Qh4 O-O-O 17. Kb1 Kb8 18. Bf4 Rg4 19. Qh6 Rg6 20. Qh3
Ne5 21. Bxe5 dxe5 22. Nf3 Rdg8 23. g3 Ng4 24. Qg2 Bb4 25. Qd2 Rc8 26. a3
Bxc3 27. Qxc3 Qxc3 28. bxc3 Rxc3 29. Kb2 Rc7 30. h3 Nf2 31. Rd2 Nxd3+ 32.
Rxd3 Rxg3 33. Nxe5 Rg2 34. Rc1 Bxe4 35. Rc3 Rxc3 36. Kxc3 f5 37. Nd7+ Kc7
38. Nc5 Bd5 39. Nxa6+ Kd6 40. Nb4 Rg3+ 41. Kd4 e5# {White checkmated} 0-1

[Event "ICCopen2017"]
[Site "Internet Chess Club"]
[Date "2017.03.25"]
[Round "9"]
[White "Nakia"]
[Black "kaimann"]
[Result "0-1"]
[ICCResult "White resigns"]
[WhiteElo "1733"]
[BlackElo "1873"]
[Opening "Alekhine's defense: exchange variation"]
[ECO "B02"]
[NIC "AL.08"]
[Time "15:44:29"]
[TimeControl "180+0"]

1. e4 Nf6 2. e5 Nd5 3. c4 Nb6 4. d4 d6 5. exd6 exd6 6. h3 Bf5 7. Nf3 Be7 8.
Bd3 Bxd3 9. Qxd3 O-O 10. O-O Nc6 11. a3 d5 12. c5 Nc4 13. b3 N4a5 14. Nbd2
Bf6 15. Rd1 Ne7 16. b4 Nac6 17. Nb3 a6 18. Bf4 Ng6 19. Bg3 Re8 20. Re1 Qd7
21. Qd2 Na7 22. Rxe8+ Rxe8 23. Re1 Rxe1+ 24. Qxe1 c6 25. a4 Nc8 26. Qe3 Nce7
27. Qd3 Qf5 28. Qe2 Qb1+ 29. Kh2 Qxb3 30. Bd6 h6 31. g4 Qxb4 32. h4 Nxh4 33.
Bxe7 Nxf3+ 34. Qxf3 Bxe7 35. Qf4 Bf8 36. f3 Qxa4 37. Kh3 Qb4 38. Qe5 b6 39.
cxb6 Qxb6 40. Kh4 c5 41. dxc5 Qxc5 42. Kg3 Bd6 43. Qxd6 Qxd6+ 44. f4 d4 45.
Kh4 d3 46. f5 d2 47. f6 Qxf6+ 48. g5 Qxg5+ 49. Kh3 d1=Q 50. Kh2 Qdg1+
{White resigns}
0-1

[Event "ICCopen2017"]
[Site "Internet Chess Club"]
[Date "2017.03.25"]
[Round "9"]
[White "ajam"]
[Black "Palse"]
[Result "0-1"]
[ICCResult "White forfeits on time"]
[WhiteElo "1909"]
[BlackElo "2252"]
[Opening "Nimzo-Indian: classical variation"]
[ECO "E32"]
[NIC "NI.24"]
[Time "15:44:17"]
[TimeControl "180+0"]

1. c4 Nf6 2. Nc3 e6 3. d4 Bb4 4. Qc2 b6 5. e4 Bxc3+ 6. bxc3 d6 7. Bd3 Nc6 8.
Nf3 h6 9. O-O O-O 10. e5 dxe5 11. dxe5 Nd7 12. Re1 Nc5 13. Bf1 Bb7 14. Be3
Qe7 15. Rad1 Rfd8 16. Bd4 Na5 17. Qe2 Na4 18. Nd2 c5 19. Be3 Nxc3 20. Qg4
Nxd1 21. Rxd1 Kh8 22. Re1 Nc6 23. Nf3 Nd4 24. Nh4 Nf5 25. Nxf5 exf5 26. Qxf5
Qe6 27. Qh5 Be4 28. f4 Qg6 29. Qh3 Bf5 30. Qh4 Rd7 31. Be2 Rad8 32. g4 Be4
33. Qg3 f5 34. h3 Bd3 35. Bf3 Bxc4 36. Kh2 Bd5 37. Be2 Be4 38. Bb5 Bc6 39.
Bc4 b5 40. Be2 c4 41. Rg1 Be4 42. Qf2 Qe6 43. g5 c3 44. Bxb5 Rd2 45. Bxd2
Rxd2 46. Be2 Bd3 47. Qxa7 Rxe2+ 48. Kg3 hxg5 49. Qb8+ Kh7 50. fxg5 Re3+ 51.
Kf4 Rxh3 52. g6+ Qxg6 53. Rxg6 Kxg6 54. Qe8+ Kh7 55. e6 Rh4+ 56. Ke5 Re4+
57. Kd6 c2 58. Qh5+ Kg8 59. Ke7 Rxe6+ 60. Kxe6 Bc4+ {White forfeits on time}
0-1

[Event "ICCopen2017"]
[Site "Internet Chess Club"]
[Date "2017.03.25"]
[Round "9"]
[White "ResignAlready"]
[Black "Dupinpon"]
[Result "1-0"]
[ICCResult "Black forfeits on time"]
[WhiteElo "1831"]
[BlackElo "1613"]
[Opening "Sicilian"]
[ECO "B50"]
[NIC "SI.01"]
[Time "15:44:45"]
[TimeControl "180+0"]

1. e4 c5 2. Nf3 d6 3. d3 Nf6 4. Nbd2 g6 5. g3 Bg7 6. Bg2 O-O 7. O-O Nc6 8.
Re1 Bd7 9. c3 Rb8 10. d4 cxd4 11. cxd4 Qb6 12. Nc4 Qa6 13. b3 b5 14. Ncd2
Nb4 15. Bf1 Qc6 16. Bb2 Rfc8 17. Rc1 Qb6 18. a3 Na2 19. Rxc8+ Rxc8 20. Qa1
Rc2 21. Qxa2 d5 22. Qb1 Qc7 23. e5 Ne4 24. Nxe4 dxe4 25. Ng5 e3 26. Rxe3 Bf5
27. Bd3 Bxd3 28. Rxd3 h6 29. Ne4 f5 30. Nc5 Re2 31. Ne6 Qb7 32. Nxg7 Qe4 33.
Rd1 Qf3 34. Rf1 Kxg7 35. d5 Qxb3 36. e6+ Kh7 37. Bc1 Qxb1 38. Be3 Qc2 39.
Bd4 {Black forfeits on time} 1-0

[Event "ICCopen2017"]
[Site "Internet Chess Club"]
[Date "2017.03.25"]
[Round "9"]
[White "bennywins"]
[Black "checkmatiste"]
[Result "1-0"]
[ICCResult "Black forfeits on time"]
[WhiteElo "1473"]
[BlackElo "1554"]
[Opening "QGD Slav: 4.Nc3"]
[ECO "D15"]
[NIC "SL.03"]
[Time "15:44:24"]
[TimeControl "180+0"]

1. d4 d5 2. c4 c6 3. Nc3 Nf6 4. Nf3 Bf5 5. Bf4 e6 6. Nh4 Bg6 7. Nxg6 hxg6 8.
h3 Bd6 9. Bxd6 Qxd6 10. Qb3 Qc7 11. e3 Qb6 12. Qxb6 axb6 13. b3 Nbd7 14. Be2
Ke7 15. O-O Ra3 16. Na4 Ra8 17. Rfc1 Kd6 18. f3 Ra6 19. c5+ bxc5 20. Bxa6
bxa6 21. dxc5+ Kc7 22. Kf2 e5 23. Ke2 d4 24. exd4 exd4 25. Kd3 Nd5 26. Kc2
Ne5 27. Kd2 Nb4 28. f4 Nd7 29. Rc4 Rxa2+ 30. Rxa2 Nxa2 31. Kc2 Nf6 32. Kb1
Nc3+ 33. Nxc3 dxc3 34. Rxc3 Ne4 35. Re3 Nxc5 36. Re7+ Kd6 37. Rxf7 Nxb3 38.
Rxg7 Nd2+ 39. Kc2 Ne4 40. Rxg6+ Kd7 41. h4 c5 42. h5 Ke7 43. h6 Kf7 44. Rxa6
Nf6 45. Ra7+ Kg8 46. g3 Kh8 47. Kc3 Ne4+ 48. Kc4 Nxg3 49. Kxc5 Nf5 50. Kd5
Nxh6 51. Ke5 Kg8 52. f5 Kf8 53. Ke6 Ng4 54. Ra8+ Kg7 55. Ra7+ Kh6 56. f6
Nxf6 57. Kxf6 Kh5 58. Ke5 Kg5 59. Re7 Kg4 60. Re6 Kf3 61. Rf6+ Ke3 62. Rg6
Kf3 63. Rg5 Ke3 64. Rf5 Ke2 65. Rg5 Kd3 66. Rg6 Ke3 67. Rf6 Ke2 68. Re6
{Black forfeits on time}
1-0

[Event "ICCopen2017"]
[Site "Internet Chess Club"]
[Date "2017.03.25"]
[Round "9"]
[White "LeonieHelm"]
[Black "skewerd"]
[Result "1/2-1/2"]
[ICCResult "Black stalemated"]
[WhiteElo "1643"]
[BlackElo "1848"]
[Opening "Sicilian: Alapin's variation (2.c3)"]
[ECO "B22"]
[NIC "SI.46"]
[Time "15:44:40"]
[TimeControl "180+0"]

1. e4 c5 2. c3 d5 3. exd5 Qxd5 4. d4 Nc6 5. Nf3 e5 6. Be3 cxd4 7. cxd4 Bb4+
8. Nc3 Nf6 9. dxe5 Qxd1+ 10. Rxd1 Ng4 11. Bf4 O-O 12. h3 Nh6 13. Bxh6 gxh6
14. Bc4 Bf5 15. O-O Bxc3 16. bxc3 Rac8 17. Bd5 Rfe8 18. Rfe1 Na5 19. Re3 b6
20. g4 Bg6 21. e6 Nc4 22. exf7+ Bxf7 23. Rxe8+ Rxe8 24. Bxf7+ Kxf7 25. Rd4
b5 26. Rd7+ Re7 27. Rxe7+ Kxe7 28. Nd4 a6 29. Nf5+ Ke6 30. Nxh6 Ke5 31. Kg2
Ke4 32. Kg3 Kd3 33. f4 Kxc3 34. f5 b4 35. f6 Nd6 36. Nf5 Nf7 37. h4 a5 38.
g5 a4 39. Kf4 b3 40. axb3 a3 41. Nh6 a2 42. Nxf7 a1=Q 43. Ne5 Qf1+ 44. Kg4
Qd1+ 45. Kf5 Qxb3 46. h5 Qc2+ 47. Ke6 Kd4 48. f7 Qe2 49. f8=Q Qxe5+ 50. Kf7
Qxg5 51. Qd6+ Kc4 52. Qe6+ Kb5 53. Qd7+ Kb4 54. Qe7+ Qxe7+ 55. Kxe7 Kc5 56.
Kf7 Kd6 57. Kg7 Ke7 58. h6 Ke8 59. Kxh7 Kf8 60. Kh8 Kf7 61. Kh7 Kf8 62. Kh8
Kf7 63. Kh7 Kf8 64. Kg6 Kg8 65. Kf6 Kh7 66. Kg5 Kh8 67. Kf4 Kh7 68. Kg5 Kh8
69. Kh4 Kh7 70. Kh5 Kh8 71. Kg5 Kh7 72. Kh5 Kh8 73. Kg6 Kg8 74. Kh5 Kh7 75.
Kg5 Kg8 76. Kf5 Kh7 77. Kg5 Kh8 78. Kg6 Kg8 79. h7+ Kh8 80. Kh6
{Black stalemated}
1/2-1/2

[Event "ICCopen2017"]
[Site "Internet Chess Club"]
[Date "2017.03.25"]
[Round "9"]
[White "Montserrat"]
[Black "ALexiz"]
[Result "1-0"]
[ICCResult "Black resigns"]
[WhiteElo "1881"]
[BlackElo "1622"]
[Opening "English: Sicilian reversed"]
[ECO "A25"]
[NIC "EO.20"]
[Time "15:44:33"]
[TimeControl "180+0"]

1. c4 e5 2. Nc3 Nc6 3. g3 Nf6 4. Bg2 g6 5. e3 Bg7 6. Nge2 O-O 7. O-O d6 8.
b3 Be6 9. Bb2 Qd7 10. d4 Bh3 11. dxe5 dxe5 12. Qxd7 Bxd7 13. Rad1 a6 14. Nd5
Bg4 15. f3 Be6 16. Nxc7 Rac8 17. Nxe6 fxe6 18. Rd2 Rfd8 19. Rfd1 Rxd2 20.
Rxd2 Bf8 21. Bh3 Kf7 22. Kf2 Bb4 23. Rd1 Ke7 24. a3 Ba5 25. b4 Bc7 26. c5
Rd8 27. Rxd8 Bxd8 28. Nc3 Bc7 29. Ke2 h5 30. Kd3 g5 31. Ne4 Nxe4 32. Kxe4 b6
33. cxb6 Bxb6 34. Bf1 a5 35. b5 Nd8 36. Bxe5 Nf7 37. Bd4 Bc7 38. Bc5+ Bd6
39. Kd4 Kd7 40. a4 Bc7 41. Bc4 e5+ 42. Ke4 Nd6+ 43. Bxd6 Kxd6 44. Kf5 Bd8
45. Kg6 h4 46. Kf5 hxg3 47. hxg3 Kc5 48. Be2 Kb4 49. Bd1 Kc3 50. Kxe5 Kd2
51. f4 gxf4 52. gxf4 Kxd1 53. e4 Kd2 54. f5 Kd3 55. f6 Kc4 56. f7 Be7 57. b6
Kc5 58. b7 Bd6+ 59. Ke6 Kc6 60. b8=Q Bxb8 61. f8=Q Bd6 62. Qc8+ {Black
resigns} 1-0

[Event "ICCopen2017"]
[Site "Internet Chess Club"]
[Date "2017.03.25"]
[Round "9"]
[White "Weelink"]
[Black "Passat"]
[Result "1-0"]
[ICCResult "Black resigns"]
[WhiteElo "1376"]
[BlackElo "1557"]
[Opening "Budapest: Adler variation"]
[ECO "A52"]
[NIC "QG.01"]
[Time "15:44:52"]
[TimeControl "180+0"]

1. d4 Nf6 2. c4 e5 3. dxe5 Ng4 4. Nf3 Bc5 5. e3 Nc6 6. Nc3 O-O 7. Be2 Ngxe5
8. Nxe5 Nxe5 9. O-O c6 10. Ne4 Bb6 11. c5 Bc7 12. Nd6 f5 13. Qb3+ Kh8 14. f4
Bxd6 15. cxd6 Nf7 16. Rd1 Qf6 17. Bd2 Re8 18. Bb4 Qe6 19. Qxe6 Rxe6 20. Bc4
Rxe3 21. Bxf7 g6 22. Kf2 Re4 23. Bc3+ {Black resigns} 1-0

[Event "ICCopen2017"]
[Site "Internet Chess Club"]
[Date "2017.03.25"]
[Round "9"]
[White "ShadowStorm"]
[Black "Norgeman"]
[Result "0-1"]
[ICCResult "White resigns"]
[WhiteElo "1334"]
[BlackElo "1519"]
[Opening "Queen's pawn game"]
[ECO "A45"]
[NIC "QP.07"]
[Time "15:45:26"]
[TimeControl "180+0"]

1. d4 Nf6 2. e3 e6 3. f4 c5 4. Nf3 cxd4 5. Nxd4 Nc6 6. c3 d5 7. Bb5 Bd7 8.
Qa4 a6 9. Bxc6 bxc6 10. Qc2 c5 11. Nf3 Bd6 12. O-O Bb5 13. Re1 O-O 14. a4
Bc6 15. Nbd2 Qc7 16. Ne5 Bxe5 17. fxe5 Qxe5 18. Nf3 Qh5 19. b4 d4 20. cxd4
Bxf3 21. gxf3 Qxf3 22. Qf2 Qe4 23. bxc5 Nd5 24. Bd2 f5 25. Rab1 Rab8 26.
Rxb8 Rxb8 27. Qg2 Qd3 28. Qe2 Qe4 29. a5 h6 30. Rf1 Rb2 31. Qe1 Qc2 32. Rf2
Rb1 33. Bc1 Qxc1 34. Qxc1 Rxc1+ 35. Kg2 Ra1 36. Rb2 Rxa5 37. Rb8+ Kf7 38.
Ra8 Ra2+ 39. Kf3 a5 40. e4 fxe4+ 41. Kxe4 Kf6 42. Kd3 a4 43. Kc4 a3 44. Kb3
Rxh2 45. Kxa3 h5 46. Ka4 Ra2+ 47. Kb5 Rxa8 48. c6 Rb8+ 49. Kc5 Rc8 50. Kd6
h4 {White resigns} 0-1

[Event "ICCopen2017"]
[Site "Internet Chess Club"]
[Date "2017.03.25"]
[Round "9"]
[White "parisian"]
[Black "GYMEJR"]
[Result "1-0"]
[ICCResult "Black forfeits on time"]
[WhiteElo "1755"]
[BlackElo "1569"]
[Opening "Sicilian: Nimzovich-Rossolimo attack (without ...d6)"]
[ECO "B30"]
[NIC "SI.31"]
[Time "15:45:01"]
[TimeControl "180+0"]

1. e4 c5 2. Nf3 Nc6 3. Bb5 Nd4 4. Nxd4 cxd4 5. O-O Qb6 6. Ba4 g6 7. d3 Bg7
8. f4 e6 9. Nd2 Ne7 10. Nc4 Qc5 11. e5 O-O 12. Nd6 Nf5 13. Nxf5 exf5 14. Bd2
d6 15. a3 dxe5 16. Bb4 Qc7 17. Bxf8 Kxf8 18. fxe5 Bxe5 19. h3 Kg7 20. Bb3
Be6 21. Bxe6 fxe6 22. Qf3 Bd6 23. Rf2 e5 24. Qd5 Re8 25. Re1 Qc6 26. Qxc6
bxc6 27. g3 c5 28. b3 e4 29. Kg2 e3 30. Rf3 Rf8 31. c3 g5 32. cxd4 cxd4 33.
Rff1 f4 34. gxf4 gxf4 35. Kf3 Kf6 36. Rg1 Rf7 37. Rg8 {Black forfeits on
time} 1-0

[Event "ICCopen2017"]
[Site "Internet Chess Club"]
[Date "2017.03.25"]
[Round "9"]
[White "Cantalarrana"]
[Black "Huty"]
[Result "0-1"]
[ICCResult "White forfeits on time"]
[WhiteElo "1465"]
[BlackElo "1403"]
[Opening "Sicilian"]
[ECO "B50"]
[NIC "SI.01"]
[Time "15:44:38"]
[TimeControl "180+0"]

1. e4 c5 2. Nf3 d6 3. c3 Nf6 4. Be2 Nc6 5. d4 cxd4 6. cxd4 e6 7. Nc3 g6 8.
Bg5 Bg7 9. O-O O-O 10. Re1 h6 11. Bh4 g5 12. Bg3 e5 13. Qa4 a6 14. dxe5 b5
15. Qd1 Nxe5 16. Nxe5 dxe5 17. Bxe5 b4 18. Nd5 Nxe4 19. Bxg7 Kxg7 20. Qd4+
Nf6 21. Rad1 Bb7 22. Nxf6 Qxf6 23. Qxf6+ Kxf6 24. Rd7 Bc6 25. Rd6+ Kg7 26.
Rxc6 Rfe8 27. Rcc1 Rad8 28. g3 Re5 29. Bc4 Rc5 30. Re7 Rf5 31. b3 Rd2 32.
Rf1 Rxa2 33. Ra7 a5 34. h3 h5 35. Kg2 g4 36. hxg4 hxg4 37. Rb7 Rf6 38. Re7
Kf8 39. Re4 Rg6 40. Re2 Rf6 41. Rxa2 Rd6 42. Rxa5 Rf6 43. Ra7 Kg7 44. Re1
Kh6 {White forfeits on time} 0-1

[Event "ICCopen2017"]
[Site "Internet Chess Club"]
[Date "2017.03.25"]
[Round "9"]
[White "marianzaim"]
[Black "octavia"]
[Result "0-1"]
[ICCResult "White checkmated"]
[WhiteElo "1965"]
[BlackElo "2256"]
[Opening "English opening"]
[ECO "A20"]
[NIC "EO.24"]
[Time "15:44:36"]
[TimeControl "180+0"]

1. c4 e5 2. g3 c6 3. Nf3 e4 4. Nd4 d5 5. cxd5 Qxd5 6. e3 Nf6 7. Nc3 Qe5 8.
Bg2 Bc5 9. Nb3 Bb6 10. O-O O-O 11. d4 exd3 12. Qxd3 Rd8 13. Qe2 Na6 14. a3
Be6 15. Qc2 h6 16. Bd2 Bc4 17. Rfe1 Bd3 18. Qc1 Rd7 19. e4 Ng4 20. Nd1 Qb5
21. h3 Nxf2 22. Nxf2 Qxb3 23. Qc3 Nc5 24. Be3 Qxc3 25. bxc3 Bc4 26. Rad1
Rad8 27. Rxd7 Rxd7 28. Rd1 Rxd1+ 29. Nxd1 Na4 30. Bxb6 axb6 31. Kf2 Bb3 32.
Ne3 Nxc3 33. e5 b5 34. Ke1 Nd5 35. Nxd5 Bxd5 36. Bxd5 cxd5 37. Kd2 Kf8 38.
Ke3 Ke7 39. Kd4 Ke6 40. Kc5 Kxe5 41. Kxb5 d4 42. Kb6 d3 43. a4 d2 44. a5
d1=Q 45. Kxb7 Qb3+ 46. Ka7 Kd6 47. a6 Kc7 48. Ka8 Qb8# {White checkmated}
0-1

[Event "ICCopen2017"]
[Site "Internet Chess Club"]
[Date "2017.03.25"]
[Round "9"]
[White "habishek"]
[Black "weakfish"]
[Result "1-0"]
[ICCResult "Black forfeits on time"]
[WhiteElo "1086"]
[BlackElo "1265"]
[Opening "Caro-Kann: advance variation"]
[ECO "B12"]
[NIC "CK.04"]
[Time "15:44:08"]
[TimeControl "180+0"]

1. e4 c6 2. d4 d5 3. e5 Bf5 4. Nc3 e6 5. Nf3 h6 6. Be2 Bb4 7. Bd2 Ne7 8. h3
Nd7 9. a3 Bxc3 10. Bxc3 O-O 11. Bd3 Bxd3 12. Qxd3 Rc8 13. O-O c5 14. b4 cxd4
15. Bxd4 Nc6 16. Bb2 Qc7 17. c4 Ncxe5 18. Bxe5 Nxe5 19. Nxe5 Qxe5 20. cxd5
Qxd5 21. Qxd5 exd5 22. Rfd1 Rfd8 23. Rac1 Rxc1 24. Rxc1 Rd7 25. Rd1 f5 26.
Kh2 Kf7 27. f3 g5 28. Kg3 d4 29. h4 d3 30. hxg5 hxg5 31. f4 gxf4+ 32. Kxf4
Kf6 33. Ke3 d2 34. Rxd2 Rxd2 35. Kxd2 Ke5 36. Ke3 f4+ 37. Kf3 Kf5 38. g4+
fxg3 39. Kxg3 Ke4 40. Kg4 Kd4 41. Kf5 Kc4 42. Ke6 Kb3 43. Kd6 Kxa3 44. Kc5
Kb3 45. b5 Ka4 46. b6 a5 47. Kd6 Kb5 48. Kc7 a4 49. Kxb7 a3 50. Kc7 a2 51.
b7 a1=Q 52. b8=Q+ Kc4 53. Qg8+ Kc5 54. Qf8+ Kc4 55. Qf7+ Kc5 56. Qe7+ Kc4
57. Qe6+ Kc5 58. Qd6+ Kc4 59. Qf4+ Kd3 60. Qf5+ Ke2 61. Qe4+ Kf2 62. Qh4+
Kg2 63. Qg4+ Kf2 64. Qf4+ Kg2 65. Qe4+ Kf2 66. Qh4+ Kf3 67. Qh5+ Ke3 68.
Qg5+ Kd3 69. Qf5+ Kd2 70. Qf4+ Kc2 71. Qe4+ Kb2 72. Qd4+ Kb1 73. Qd3+ Ka2
74. Qc4+ {Black forfeits on time} 1-0

[Event "ICCopen2017"]
[Site "Internet Chess Club"]
[Date "2017.03.25"]
[Round "9"]
[White "DropZone"]
[Black "presbyter4"]
[Result "1-0"]
[ICCResult "Black resigns"]
[WhiteElo "2144"]
[BlackElo "1816"]
[Opening "Queen's bishop game"]
[ECO "D02"]
[NIC "QP.08"]
[Time "15:44:50"]
[TimeControl "180+0"]

1. d4 d5 2. Nf3 Nf6 3. Bf4 c5 4. c3 Nc6 5. e3 Qb6 6. Qb3 c4 7. Qxb6 axb6 8.
Na3 Ra5 9. Nc2 Bf5 10. Nb4 e5 11. Nxc6 exf4 12. Nxa5 bxa5 13. exf4 Bd6 14.
g3 O-O 15. Bg2 Re8+ 16. Ne5 Be4 17. O-O Bxg2 18. Kxg2 Ne4 19. Rfe1 f6 20.
Ng4 Rb8 21. Ne3 f5 22. Nxf5 Bf8 23. Ne3 Rd8 24. Nxd5 Nxf2 25. Nf6+ gxf6 26.
Kxf2 b5 27. a3 Kf7 28. Rad1 h5 29. d5 b4 30. axb4 axb4 31. Re4 bxc3 32. bxc3
Rc8 33. Kf3 Bd6 34. Re6 Rd8 35. Rd4 Bc5 36. Rxc4 Bg1 37. Rc7+ Kg6 38. d6
Bxh2 39. d7 Kf5 40. Re8 Rxd7 41. Rxd7 h4 42. Rd5+ Kg6 43. gxh4 f5 44. h5+
Kxh5 45. Rh8+ Kg6 46. Rxh2 Kg7 47. Rxf5 Kg6 48. Rg5+ Kf6 49. Rb2 Ke6 50.
Rb6+ Kf7 51. Ra5 {Black resigns} 1-0

[Event "ICCopen2017"]
[Site "Internet Chess Club"]
[Date "2017.03.25"]
[Round "9"]
[White "cheslikeyomama"]
[Black "oriGinal"]
[Result "0-1"]
[ICCResult "White forfeits on time"]
[WhiteElo "1390"]
[BlackElo "1731"]
[Opening "Queen's Pawn"]
[ECO "A41"]
[NIC "QO.17"]
[Time "15:46:20"]
[TimeControl "180+0"]

1. d4 d6 2. e3 g6 3. f4 Bg7 4. Nf3 Nd7 5. Bd3 e5 6. f5 exd4 7. fxg6 hxg6 8.
exd4 Qe7+ 9. Be2 Ngf6 10. O-O O-O 11. c3 Nd5 12. Qd3 N7f6 13. Bg5 Bf5 14.
Qd2 Rae8 15. Re1 Qd7 16. Na3 Ne4 17. Qd1 Nxg5 18. Nxg5 Ne3 19. Qc1 f6 20.
Nf3 Nd5 21. Bc4 c6 22. Rxe8 Rxe8 23. Qf1 Be4 24. Nb1 Qg4 25. Nbd2 Bh6 26.
Nxe4 Rxe4 27. Re1 Kg7 28. Rxe4 Qxe4 29. Qe1 Ne3 30. Qe2 d5 31. Bd3 Qf4 32.
Ne1 Ng4 33. Qf3 Qc1 34. Qe2 Be3+ {White forfeits on time} 0-1

[Event "ICCopen2017"]
[Site "Internet Chess Club"]
[Date "2017.03.25"]
[Round "9"]
[White "FlyCatcher"]
[Black "Lovelife"]
[Result "1-0"]
[ICCResult "Black resigns"]
[WhiteElo "2406"]
[BlackElo "1952"]
[Opening "Sicilian: Alapin's variation (2.c3)"]
[ECO "B22"]
[NIC "SI.46"]
[Time "15:45:09"]
[TimeControl "180+0"]

1. e4 c5 2. c3 d5 3. exd5 Qxd5 4. d4 Nf6 5. Nf3 e6 6. Nbd2 Nc6 7. Bc4 Qd8 8.
Nb3 cxd4 9. Nbxd4 Nxd4 10. Nxd4 Be7 11. Bf4 O-O 12. Qe2 Nd5 13. Bg3 Bf6 14.
Rd1 Qa5 15. O-O Bd7 16. Nb3 Qb6 17. Bxd5 exd5 18. Rxd5 Be6 19. Rb5 Qa6 20.
Nc5 Qxa2 21. Nxe6 fxe6 22. Rxb7 a5 23. Re1 Rfe8 24. Rd1 Rad8 25. Rxd8 Rxd8
26. h3 Qd5 27. Qb5 Qd1+ 28. Kh2 h6 29. Qxa5 Qc2 30. Rb8 Rxb8 31. Bxb8 Qxb2
32. Be5 Qxf2 33. Bxf6 Qf4+ 34. Kg1 Qe3+ 35. Kh1 gxf6 36. Qc7 Qe1+ 37. Kh2
Qf2 38. c4 e5 39. Qc8+ Kf7 40. Qd7+ Kg6 41. Qg4+ Kf7 42. Qd7+ Kg6 43. Qg4+
Kf7 44. Qh5+ Ke6 45. Qxh6 Qf3 46. gxf3 {Black resigns} 1-0

[Event "ICCopen2017"]
[Site "Internet Chess Club"]
[Date "2017.03.25"]
[Round "9"]
[White "Mormegil"]
[Black "stin"]
[Result "0-1"]
[ICCResult "White forfeits on time"]
[WhiteElo "1746"]
[BlackElo "1915"]
[Opening "English: symmetrical, Benoni formation"]
[ECO "A31"]
[NIC "EO.46"]
[Time "15:44:29"]
[TimeControl "180+0"]

1. Nf3 Nf6 2. c4 c5 3. d4 cxd4 4. Nxd4 Nc6 5. Nc3 d6 6. e4 g6 7. Be2 Bg7 8.
Be3 O-O 9. O-O a6 10. Rc1 Qa5 11. f4 Nxd4 12. Bxd4 Be6 13. f5 Bd7 14. Bd3
Rac8 15. Re1 e5 16. fxe6 Bxe6 17. Nd5 Bxd5 18. exd5 Nh5 19. Bxg7 Nxg7 20.
Qb3 Qc5+ 21. Kh1 Rc7 22. Qc3 Qf2 23. Rf1 Qh4 24. Rf3 Re8 25. Rcf1 Ree7 26.
b3 b5 27. Rf4 Qg5 28. Qb4 bxc4 29. bxc4 Qe5 30. h3 Qe3 31. R4f3 Qg5 32. Qb8+
Ne8 33. Qb3 f5 34. Qa4 Ra7 35. Qc6 Qf6 36. Bb1 Kf7 37. g4 Rec7 38. Qa4 Qd4
39. gxf5 g5 40. f6 Rxc4 41. Qa5 Qxd5 42. Kh2 Qe5+ 43. Qxe5 dxe5 44. Rf5 Rf4
45. R5xf4 exf4 46. Kg2 Nxf6 47. Kf3 Re7 48. Rd1 Re3+ 49. Kg2 Re2+ 50. Kf3
Re3+ 51. Kg2 h5 52. Rc1 Ne4 53. Bxe4 Rxe4 54. Rc7+ Kf6 55. Rc6+ Ke5 56. Rxa6
Re2+ 57. Kf1 Rb2 58. Ra8 Ke4 {White forfeits on time} 0-1